 Dungeon Crawl Stone Soup version 0.17-a0-1718-g72dbe4d (webtiles) character file.

812 kae the Carver (level 7, -6/57 HPs)
             Began as a Minotaur Fighter on Aug 26, 2015.
             Killed by nerve-wracking pain
             ... invoked by Grinder
              (9 damage)
             ... on level 5 of the Dungeon.
             The game lasted 00:03:20 (3475 turns).

kae the Carver (Minotaur Fighter)                   Turns: 3475, Time: 00:03:20

Health: -6/57      AC:  8    Str: 26    XL:     7   Next: 61%
Magic:  6/6        EV:  7    Int:  7    God:
Gold:   101        SH:  9    Dex:  9    Spells: 0 memorised, 6 levels left

rFire  . . .     SeeInvis .     a - +0 long sword
rCold  . . .     Clarity  .     b - +0 scale mail
rNeg   . . .     SustAt   .     c - +0 shield
rPois  .         Gourm    .     (helmet restricted)
rElec  .         Spirit   .     (no cloak)
rCorr  .         Warding  .     (no gloves)
rMut   .         Stasis   .     j - +0 pair of boots
MR     .....                    v - amulet of rage
Stlth  ..........               (no ring)
                                s - ring of wizardry

@: mighty, not resistant to hostile enchantments, extremely unstealthy
A: retaliatory headbutt, horns 2
a: Evoke Berserk Rage


You were on level 5 of the Dungeon.
You were hungry.

You visited 1 branch of the dungeon, and saw 5 of its levels.

You collected 101 gold pieces.

Inventory:

Hand weapons
 a - a +0 long sword (weapon)
Armour
 b - a +0 scale mail (worn)
 c - a +0 shield (worn)
 j - a +0 pair of boots (worn)
Jewellery
 i - an uncursed amulet of resist mutation
 k - an uncursed amulet of stasis
 s - a ring of wizardry (left hand)
 v - an amulet of rage (around neck)
Magical devices
 o - a wand of frost (22)
 r - a wand of slowing (18)
 A - a wand of random effects (24)
Scrolls
 f - 7 scrolls of identify {unknown}
 h - a scroll of magic mapping {unknown}
 l - a scroll of amnesia {unknown}
 m - a scroll of fear {unknown}
 x - a scroll of fog {unknown}
 y - a scroll of remove curse {unknown}
Potions
 p - a potion of magic {unknown}
 q - a potion of brilliance {unknown}
 t - a potion of berserk rage {unknown}
 u - a potion of haste {unknown}
 w - a potion of invisibility {unknown}
Comestibles
 e - 3 bread rations
 g - 3 meat rations
 n - a royal jelly
 B - a beef jerky


   Skills:
 - Level 3.6 Fighting
 + Level 10.4 Long Blades
 - Level 3.6 Armour
 - Level 3.6 Shields


You had 6 spell levels left.
You didn't know any spells.

Dungeon Overview and Level Annotations

Branches:
Dungeon (5/15)
 Temple: D:4-7

Altars:
Ashenzari
Sif Muna

Annotations:
D:5 Grinder


Innate Abilities, Weirdness & Mutations

You reflexively headbutt those who attack you in melee.
You have a pair of horns on your head.


Message History

* * * LOW HITPOINT WARNING * * *
Grinder hits you but does no damage.
You can move again.
You slash Grinder!
Grinder is heavily wounded.
Grinder hits you.
* * * LOW HITPOINT WARNING * * *
You writhe in agony.
* * * LOW HITPOINT WARNING * * *
Unknown command.
You slash Grinder!
Grinder is severely wounded.
Grinder gestures at you.
You struggle to resist.
Unknown command.
You hit Grinder. You headbutt Grinder!
Grinder is almost dead.
Grinder gestures at you. Pain shoots through your body!
You die...

#.......#......#
#.......#......#
#.#.##+##......#
#.#.##.##........#
. #..............#
..
#.###.#.....(..#
.. ###
#.#.####...# ...
#.#.# ...# #@#.#
### #5# #.# ..#
..# #..# #..# #..#


You could see Grinder.

Vanquished Creatures
  Eustachio (D:4)
  A sky beast (D:5)
  An ice beast (D:5)
  A scorpion (D:4)
  An iguana (D:4)
  A jelly (D:5)
  A centaur skeleton (D:4)
  2 orc priests (D:3)
  A hound (D:5)
  An orc wizard (D:5)
  Natasha (thrice) (D:4)
  A worker ant (D:4)
  A hound skeleton (D:3)
  A worker ant zombie (D:5)
  6 adders
  2 oozes
  4 worms (D:2)
  4 giant geckos
  10 orcs
  10 bats
  6 goblins
  6 hobgoblins
  10 jackals
  7 kobolds
  4 giant cockroaches
  2 giant newts (D:4)
  2 quokkas (D:4)
  A quokka skeleton (D:4)
  A quokka zombie (D:5)
  3 rats (D:1)
95 creatures vanquished.

Notes
Turn   | Place    | Note
--------------------------------------------------------------
     0 | D:1      | kae the Minotaur Fighter began the quest for the Orb.
     0 | D:1      | Reached XP level 1. HP: 19/19 MP: 0/0
    41 | D:1      | Found a shattered altar of Ashenzari.
    55 | D:1      | Reached XP level 2. HP: 17/26 MP: 1/1
   483 | D:1      | Reached skill level 4 in Long Blades
   654 | D:1      | Reached XP level 3. HP: 31/31 MP: 2/2
  1022 | D:2      | Reached skill level 5 in Long Blades
  1031 | D:2      | You fall through a shaft!
  1095 | D:2      | Reached XP level 4. HP: 35/39 MP: 3/3
  1336 | D:2      | Found a deep blue altar of Sif Muna.
  1611 | D:3      | Found a faded altar to an unknown god.
  1614 | D:3      | Reached skill level 6 in Long Blades
  1619 | D:3      | Reached XP level 5. HP: 35/45 MP: 4/4
  1951 | D:4      | Noticed Eustachio
  1986 | D:4      | Killed Eustachio
  1986 | D:4      | Reached skill level 7 in Long Blades
  1986 | D:4      | Reached XP level 6. HP: 37/51 MP: 5/5
  2129 | D:4      | Reached skill level 8 in Long Blades
  2219 | D:4      | Noticed Natasha
  2222 | D:4      | Killed Natasha
  2480 | D:4      | Reached skill level 9 in Long Blades
  2769 | D:4      | Noticed Natasha
  2776 | D:4      | Killed Natasha
  2776 | D:4      | Reached XP level 7. HP: 51/57 MP: 6/6
  3075 | D:4      | Noticed Natasha
  3080 | D:4      | Killed Natasha
  3109 | D:5      | Entered Level 5 of the Dungeon
  3415 | D:5      | Reached skill level 10 in Long Blades
  3460 | D:5      | Noticed Grinder
  3469 | D:5      | Paralysed by Grinder for 4 turns
  3473 | D:5      | HP: 2/57 [Grinder (4)]
  3475 | D:5      | Killed from afar by Grinder

Vault maps used:
D:1:      shiori_arrival_maze, kennysheep_small_spiral, amethyst_killhole,
          evilmike_ruin_ashenzari
D:2:      led_sif_pool
D:3:      ecumenical_altar_1
D:4:      minmay_door_path, first_bread, uniq_natasha, uniq_eustachio
D:5:      uniq_duvessa, uniq_grinder

Action                   |  1- 3 |  4- 6 |  7- 9 || total
-------------------------+-------+-------+-------++-------
Melee: Long sword        |   124 |   137 |    65 ||   326
  Use: Potion            |       |       |     1 ||     1
  Eat: Chunk             |       |     6 |     2 ||     8
